 Dungeon Crawl Stone Soup version 0.26-a0-661-g406de6ba63 (webtiles) character file.

Game seed: 16135311012732301275

12444 polo the Frost Mage (level 11, -6/103 HPs)
             Began as a Naga Ice Elementalist on Oct 8, 2020.
             Was an Initiate of Gozag.
             Mangled by a very large slime creature (22 damage)
             ... on level 10 of the Dungeon.
             The game lasted 00:34:07 (16154 turns).

polo the Frost Mage (Naga Ice Elementalist)        Turns: 16154, Time: 00:34:08

Health: -6/103     AC: 14    Str: 11    XL:     11   Next: 93%
Magic:  18/23      EV: 11    Int: 21    God:    Gozag
Gold:   908        SH:  8    Dex: 18    Spells: 4/26 levels left

rFire    . . .     SeeInvis +   a - +7 dagger of Rutranib {speed, Int+3}
rCold    . . .     Faith    .   y - +3 warlock's mirror {reflect}
rNeg     . . .     Spirit   .   x - +0 leather armour (curse)
rPois    +         Reflect  +   (no helmet)
rElec    .         Harm     .   v - +0 cloak
rCorr    .         Rampage  .   M - +0 pair of gloves
MR       ++...                  (no barding)
Stlth    ++........             k - amulet of magic regeneration
HPRegen  0.27/turn              e - ring of protection from magic
MPRegen  0.43/turn              C - +6 ring of dexterity

@: icy armour, frozen ramparts, very slow
A: large, see invisible, deformed body, poison resistance, slowness 2, spit
poison 1, AC +3
a: Spit Poison, Potion Petition, Call Merchant, Bribe Branch, Renounce Religion


You were on level 10 of the Dungeon.
You worshipped Gozag.
Gozag was pleased with you.
You visited 2 branches of the dungeon, and saw 11 of its levels.

You collected 1097 gold pieces.
You paid 189 gold pieces to Gozag.

Inventory:

Hand Weapons
 a - the +7 dagger of Rutranib (weapon) {speed, Int+3}
   (You found it on level 4 of the Dungeon)

   Attacks with this weapon are significantly faster.
   It affects your intelligence (+3).
 b - a +4 shortbow
 D - a +1 flail of protection
Missiles
 d - 41 poisoned darts
 i - 7 javelins (quivered)
 B - 208 arrows
Armour
 v - a +0 cloak (worn)
 x - a cursed +0 leather armour (worn)
 y - the +3 warlock's mirror (worn) {reflect}
   (You found it on level 10 of the Dungeon)
 z - a +1 leather armour of fire resistance
 M - a +0 pair of gloves (worn)
Magical Staves
 A - an uncursed staff of conjuration
Jewellery
 e - a ring of protection from magic (left hand)
 k - an amulet of magic regeneration (around neck)
 C - a +6 ring of dexterity (right hand)
 I - an uncursed ring of fire
 S - a +4 ring of evasion {unknown}
Wands
 q - a wand of random effects (47)
 E - a wand of iceblast (8)
 H - a wand of enslavement (10)
 R - a wand of flame (12)
Scrolls
 c - 5 scrolls of teleportation
 f - 3 scrolls of enchant weapon {unknown}
 g - 5 scrolls of remove curse
 m - 2 scrolls of amnesia {unknown}
 n - 3 scrolls of magic mapping {unknown}
 o - 4 scrolls of enchant armour
 s - a scroll of acquirement {unknown}
 F - a scroll of blinking {unknown}
 G - 3 scrolls of identify
 L - a scroll of vulnerability
 O - a scroll of fear
 P - a scroll of fog {unknown}
Potions
 h - 6 potions of curing
 j - a potion of mutation
 l - a potion of flight {unknown}
 p - 2 potions of haste
 r - 2 potions of heal wounds
 t - a potion of might
 u - 5 potions of lignification
 w - a potion of magic {unknown}
 J - a potion of resistance
 K - a potion of berserk rage {unknown}
 Q - a potion of brilliance {unknown}
Miscellaneous
 N - a lightning rod (4/4)


   Skills:
 - Level 8.0 Fighting
 + Level 3.0 Armour
 + Level 3.0 Dodging
 - Level 3.0 Stealth
 - Level 2.4 Shields
 - Level 8.0 Spellcasting
 + Level 2.7 Conjurations
 - Level 7.7 Summonings
 - Level 10.0 Ice Magic
 - Level 2.0 Air Magic
 + Level 6.5 Poison Magic


You had 4 spell levels left.
You knew the following spells:

 Your Spells              Type           Power        Failure   Level
a - Freeze                Ice            ####         1%          1
b - Frozen Ramparts       Ice            ######       1%          3
c - Ozocubu's Armour      Ice            ######..     1%          3
d - Hailstorm             Conj/Ice       #####...     8%          4
e - Summon Ice Beast      Ice/Summ       #####...     2%          4
f - Mephitic Cloud        Conj/Pois/Air  ###.....     6%          3
g - Olgreb's Toxic Radia  Pois           #####...     7%          4

Your spell library contained the following spells:

 Spells                   Type           Power        Failure   Level
 Sting                    Tmut/Pois      ###.         2%          1
 Poisonous Vapours        Pois/Air       ####..       2%          2
 Ignite Poison            Fire/Tmut/Pois ###.....     12%         3
 Confusing Touch          Hex            #.......     30%         3
 Gell's Gravitas          Tloc           #.........   30%         3
 Petrify                  Tmut/Erth      #.......     69%         4
 Metabolic Englaciation   Hex/Ice        ####......   34%         5
 Yara's Violent Unravell  Hex/Tmut       #.........   95%         5


Dungeon Overview and Level Annotations

Branches:
Dungeon (10/15)            Temple (1/1) D:7             Orc (0/2) D:9
   Lair: D:8-11

Altars:
Ashenzari
Cheibriados
Dithmenos
Elyvilon
Fedhas
Gozag
Hepliaklqana
Kikubaaqudgha
Makhleb
Nemelex Xobeh
Okawaru
Qazlal
Ru
Sif Muna
Trog
Uskayaw
Vehumet
Wu Jian
Xom
Yredelemnul
Zin
The Shining One

Annotations:
D:10 Fannar


Innate Abilities, Weirdness & Mutations

You cannot wear boots.
Your serpentine skin is tough. (AC +3)
You have supernaturally acute eyesight. (SInv)
Armour fits poorly on your strangely shaped body.
Your system is resistant to poisons. (rPois)
You cover ground very slowly.
You can spit poison.


Message History

Aiming: Freeze (safe; 1% risk of failure)
Press: ? - help, Shift-Dir - straight line, f - very large slime creature
Aim: a very large slime creature (severely wounded)
You freeze the very large slime creature.
The very large slime creature is severely wounded.
The wall freezes the very large slime creature!
The very large slime creature hits you!
* * * LOW HITPOINT WARNING * * *
Okay, then.
Casting: Freeze (safe; 1% risk of failure)
Confirm with . or Enter, or press ? or * to list all spells.
Aiming: Freeze (safe; 1% risk of failure)
Press: ? - help, Shift-Dir - straight line, f/p - very large slime creature
Aim: a very large slime creature (almost dead)
You freeze the very large slime creature.
The very large slime creature is almost dead.
The wall freezes the very large slime creature!
The very large slime creature hits you!!
You die...
Your body crumbles into a pile of gold.

#.........##..#
#..J<.J......#.
##........####.
##..........))
#>......####)
#######......###[.[
J(J................
#######.##.........
#.@J...$##.#####.##
#.#####....# #.#
#.# ####.# #.## #.#
#.#####... #.#
#........# #.#
#......... #.#
########.# #.#
##### #.# #.#
#...######.#


You could see a very large slime creature.

Vanquished Creatures
  9 wizards (D:10)
  Maurice (D:8)
  A centaur skeleton (D:10)
  A troll (D:9)
  3 slime creatures (D:10)
  A hornet (D:10)
  A steam dragon (D:10)
  Grum (D:9)
  Menkaure (D:4)
  2 water moccasins
  Duvessa (D:7)
  4 orc warriors
  An eye of draining (D:9)
  A sky beast (D:6)
  An ice beast (D:10)
  5 centaurs
  3 ogres
  4 wolves (D:9)
  10 bullfrogs
  Dowan (D:7)
  2 water moccasin skeletons
  A wyvern skeleton (D:10)
  2 scorpions (D:6)
  10 killer bees (D:8)
  3 howler monkeys (D:9)
  7 wights
  A lava snake (D:7)
  5 jellies
  A quasit (D:10)
  2 centaur zombies (D:6)
  6 orc priests
  Crazy Yiuf (D:7)
  5 hounds
  A bullfrog skeleton (D:9)
  3 iguanas
  13 orc wizards
  7 worker ants
  A killer bee zombie (D:6)
  A hound zombie (D:8)
  A worker ant zombie (D:6)
  A gnoll (D:5)
  5 adders
  A howler monkey skeleton (D:6)
  A shadow imp (D:8)
  3 white imps
  3 ufetubi
  An ooze (D:2)
  An adder zombie (D:9)
  3 worms
  4 dart slugs
  4 leopard geckos
  24 orcs
  2 ball pythons (D:1)
  5 bats
  6 giant cockroaches
  8 goblins
  7 hobgoblins
  14 jackals
  8 kobolds
  7 quokkas
  5 frilled lizards
  A leopard gecko skeleton (D:6)
  6 rats
245 creatures vanquished.

Vanquished Creatures (collateral kills)
  Erica (D:10)
  A two-headed ogre (D:9)
2 creatures vanquished.

Grand Total: 247 creatures vanquished

Notes
Turn   | Place    | Note
-------+----------+-------------------------------------------
     0 | D:1      | polo the Naga Ice Elementalist began the quest for the Orb.
     0 | D:1      | Reached XP level 1. HP: 15/15 MP: 3/3
   256 | D:1      | Reached XP level 2. HP: 16/22 MP: 5/5
   897 | D:1      | Reached XP level 3. HP: 28/28 MP: 6/6
  1392 | D:1      | Learned a level 3 spell: Frozen Ramparts
  2106 | D:2      | Reached skill level 5 in Ice Magic
  2153 | D:2      | Reached XP level 4. HP: 35/36 MP: 4/8
  3192 | D:3      | Learned a level 3 spell: Ozocubu's Armour
  3498 | D:3      | Reached XP level 5. HP: 25/42 MP: 5/9
  3625 | D:3      | Reached skill level 6 in Ice Magic
  3902 | D:3      | Found a shimmering altar of Xom.
  3991 | D:3      | Reached XP level 6. HP: 45/49 MP: 5/11
  4162 | D:4      | Noticed Menkaure
  4171 | D:4      | Killed Menkaure
  4455 | D:4      | Got an iridescent dagger
  4456 | D:4      | Identified the +7 dagger of Rutranib {speed, Int+3} (You
                  | found it on level 4 of the Dungeon)
  4683 | D:4      | You fall into a shaft and drop 1 floor!
  4683 | D:5      | Entered Level 5 of the Dungeon
  5088 | D:5      | Reached skill level 7 in Ice Magic
  5088 | D:5      | Reached XP level 7. HP: 45/55 MP: 6/13
  5496 | D:5      | You fall into a shaft and drop 1 floor!
  5556 | D:6      | Reached skill level 8 in Ice Magic
  5970 | D:5      | Learned a level 4 spell: Hailstorm
  5975 | D:5      | Learned a level 4 spell: Summon Ice Beast
  6101 | D:6      | Reached skill level 1 in Fighting
  6101 | D:6      | Reached skill level 1 in Conjurations
  6101 | D:6      | Reached skill level 1 in Summonings
  6101 | D:6      | Reached XP level 8. HP: 34/64 MP: 9/15
  7329 | D:6      | Reached skill level 1 in Armour
  8730 | D:7      | Reached skill level 5 in Fighting
  8730 | D:7      | Reached XP level 9. HP: 67/81 MP: 12/16
  9395 | D:7      | Noticed Dowan
  9395 | D:7      | Noticed Duvessa
  9402 | D:7      | Killed Duvessa
  9410 | D:7      | Killed Dowan
  9571 | D:7      | Reached skill level 5 in Spellcasting
  9961 | D:7      | Found a runed translucent door.
  9962 | D:7      | Noticed Crazy Yiuf
 10062 | D:7      | Found a staircase to the Ecumenical Temple.
 10077 | Temple   | Entered the Ecumenical Temple
 10790 | D:7      | Killed Crazy Yiuf
 11064 | D:8      | Noticed Maurice
 11071 | D:8      | Killed Maurice
 11333 | D:8      | Reached XP level 10. HP: 83/96 MP: 13/19
 11548 | D:8      | Reached skill level 9 in Ice Magic
 12070 | D:9      | Found an opulent altar of Gozag.
 12260 | D:9      | Became a worshipper of Gozag Ym Sagoz the Greedy
 12349 | D:9      | Learned a level 3 spell: Mephitic Cloud
 12463 | D:9      | Noticed Grum
 12470 | D:9      | Killed Grum
 12470 | D:9      | Reached skill level 10 in Ice Magic
 12760 | D:9      | Found a staircase to the Orcish Mines.
 12774 | D:9      | Noticed a two-headed ogre
 12783 | D:9      | Killed a two-headed ogre
 13747 | D:10     | Entered Level 10 of the Dungeon
 13828 | D:10     | Noticed Fannar
 13854 | D:10     | Reached skill level 1 in Poison Magic
 13939 | D:10     | Identified the +8 rapier of Watyroff {speed, rC- MR+++
                  | Dex+3 Stlth+}
 13939 | D:10     | Noticed Erica
 13964 | D:10     | Killed Erica
 13964 | D:10     | Reached skill level 1 in Air Magic
 13964 | D:10     | Reached XP level 11. HP: 61/103 MP: 14/23
 14602 | D:10     | Noticed a wizard
 14613 | D:10     | Killed a wizard
 14613 | D:10     | Reached skill level 5 in Poison Magic
 14618 | D:10     | Noticed a wizard
 14633 | D:10     | Killed a wizard
 14636 | D:10     | Noticed a wizard
 14636 | D:10     | Noticed a wizard
 14657 | D:10     | Killed a wizard
 14657 | D:10     | Reached skill level 5 in Summonings
 14660 | D:10     | Killed a wizard
 14969 | D:10     | Noticed a wizard
 14979 | D:10     | Killed a wizard
 15224 | D:10     | Noticed a wizard
 15281 | D:10     | Noticed a wizard
 15286 | D:10     | Killed a wizard
 15301 | D:10     | Killed a wizard
 15368 | D:10     | Learned a level 4 spell: Olgreb's Toxic Radiance
 15386 | D:10     | Noticed a wizard
 15396 | D:10     | Killed a wizard
 15413 | D:10     | Found the +3 warlock's mirror {reflect}
 15557 | D:10     | Noticed a wizard
 15563 | D:10     | Killed a wizard
 15563 | D:10     | Reached skill level 1 in Shields
 16154 | D:10     | Mangled by a very large slime creature

Illustrated notes

Levels and vault maps discovered:
D:1:      erik_arrival_blinker_ship, layout_basic, minmay_liquid_box,
          minmay_hexomino_p4
D:2:      layout_rooms
D:3:      layout_basic, xom_teletrap_fun
D:4:      layout_loops_cross, minmay_cut_off, uniq_menkaure
D:5:      layout_basic, cheibrodos_gnoll_hut
D:6:      layout_basic
D:7:      layout_loops_cross, minmay_temple_entry_stoned_glass, kennysheep_dice,
          uniq_duvessa, uniq_crazy_yiuf_cottage
D:8:      minmay_evil_eye, layout_loops_cross, uniq_maurice
D:9:      layout_layer_cave, kennysheep_mini_moat, orc_0_dummy, uniq_grum
D:10:     minmay_smoke_and_mirrors, layout_loops_ring, basic_altar, uniq_fannar,
          uniq_erica
Temple:   grunt_wide_crystal_templ

Skill      XL: |  1  2  3  4  5  6  7  8  9 10 11 |
---------------+----------------------------------+-----
Ice Magic      | 5 6 7 8 10 | 10.0
Spellcasting   | 3 4 6 8 |  8.0
Fighting       | 1 5 8 |  8.0
Conjurations   | 1 2 |  2.7
Summonings     | 1 2 7 |  7.7
Armour         | 2 3 |  3.0
Dodging        | 2 3 |  3.0
Poison Magic   | 4 6 |  6.5
Air Magic      | 1 2 |  2.0
Shields        | 2 |  2.4
Stealth        | |  3.0

Action                   |  1- 3 |  4- 6 |  7- 9 | 10-12 || total
-------------------------+-------+-------+-------+-------++-------
Melee: Unarmed           |     5 |       |       |       ||     5
       Whip              |    56 |   100 |       |       ||   156
       Dagger            |       |    18 |   237 |   197 ||   452
       Morningstar       |       |    16 |       |       ||    16
 Fire: Shortbow          |       |       |    49 |    50 ||    99
Throw: Dart              |    29 |       |     7 |       ||    36
       Javelin           |       |       |       |     4 ||     4
 Cast: Freeze            |     8 |     1 |     2 |     3 ||    14
       Frozen Ramparts   |     4 |    12 |    34 |    31 ||    81
       Ozocubu's Armour  |       |     1 |     8 |     7 ||    16
       Summon Ice Beast  |       |       |     2 |    14 ||    16
       Hailstorm         |       |       |     2 |     4 ||     6
       Mephitic Cloud    |       |       |       |    18 ||    18
 Abil: Spit Poison       |    13 |     7 |    12 |     6 ||    38
Evoke: Wand              |       |       |       |     7 ||     7
  Use: Scroll            |       |     7 |     1 |     6 ||    14
 Stab: Sleeping          |     1 |     6 |     2 |       ||     9
       Distracted        |       |       |       |     3 ||     3
       Confused          |       |       |       |     3 ||     3
Armor: Robe              |    20 |    30 |     1 |       ||    51
       Leather armour    |       |       |    62 |    62 ||   124
Dodge: Dodged            |    41 |    56 |   122 |    96 ||   315
Block: Buckler           |       |       |       |     9 ||     9

Table legend: (Time is in decaauts)
 A = Elapsed time spent in this place.
 B = Non-inter-level travel time spent in this place.
 C = Inter-level travel time spent in this place.
 D = Time resting spent in this place.
 E = Time spent auto-exploring this place.
 F = Levels seen in this place.
 G = Mean time per level.
                   A        B        C        D        E       F      G
               +--------+--------+--------+--------+--------+-----+--------+
         Total |  19038 |  17778 |   1260 |   2829 |  12586 |  11 | 1730.7 |
       Dungeon |  18838 |  17584 |   1254 |   2829 |  12407 |  10 | 1883.8 |
        Temple |    199 |    194 |      5 |      0 |    178 |   1 |  199.0 |
               +--------+--------+--------+--------+--------+-----+--------+

Top non-repeatable levels by time:
     D:7: 2929 daAuts
     D:1: 2614 daAuts
    D:10: 2606 daAuts
     D:9: 2330 daAuts
     D:6: 2194 daAuts
     D:3: 1515 daAuts
     D:5: 1327 daAuts
     D:8: 1173 daAuts
     D:4: 1091 daAuts
     D:2: 1055 daAuts
  Temple: 199 daAuts
